 Dungeon Crawl Stone Soup version 0.21.1-1-g345015fe64 (webtiles) character file.

340 Peloso the Shield-Bearer (level 6, -4/56 HPs)
             Began as a Deep Dwarf Fighter on Apr 2, 2018.
             Was an Initiate of Ru.
             Killed by divine providence
             ... invoked by an orc priest
              (12 damage)
             ... on level 4 of the Dungeon.
             The game lasted 00:09:17 (2329 turns).

Peloso the Shield-Bearer (Deep Dwarf Fighter)       Turns: 2329, Time: 00:09:18

Health: -4/56      AC:  9    Str: 21    XL:     6   Next: 30%
Magic:  6/6        EV:  8    Int:  9    God:    Ru [......]
Gold:   230        SH: 10    Dex: 12    Spells: 5/5 levels left

rFire    x . .     SeeInvis +   a - +0 long sword
rCold    + . .     Gourm    +   c - +0 shield
rNeg     . . .     Faith    .   b - +0 scale mail
rPois    .         Spirit   .   m - +2 hat
rElec    .         Reflect  .   (no cloak)
rCorr    .         Harm     .   (no gloves)
MR       .....                  (no boots)
Stlth    ..........             o - amulet of the gourmand
HPRegen  0.00/turn              r - ring of see invisible
MPRegen  0.10/turn              e - ring of ice

@: non-regenerating
A: damage resistance, heal wounds, talons 1, sense surroundings 1, no
regeneration
a: Heal Wounds, Renounce Religion


You were on level 4 of the Dungeon.
You worshipped Ru.
Ru was noncommittal.
You were very full.

You visited 1 branch of the dungeon, and saw 4 of its levels.

You collected 230 gold pieces.

Inventory:

Hand Weapons
 a - a +0 long sword (weapon)
Armour
 b - a +0 scale mail (worn)
 c - a +0 shield (worn)
 m - a +2 hat (worn)
Jewellery
 e - a ring of ice (right hand)
 g - an uncursed amulet of guardian spirit
 o - an amulet of the gourmand (around neck)
 r - a ring of see invisible (left hand)
Wands
 s - a wand of polymorph (7)
Scrolls
 i - a scroll of fog
 n - 3 scrolls of identify {unknown}
 p - a scroll of magic mapping {unknown}
 q - 2 scrolls of immolation {unknown}
 u - 2 scrolls of teleportation {unknown}
Potions
 d - a potion of might
 h - a potion of degeneration {unknown}
 j - a potion of curing {unknown}
 k - a potion of mutation {unknown}
 l - 2 potions of flight {unknown}
 t - a potion of heal wounds {unknown}
 v - a potion of magic {unknown}
Comestibles
 f - 5 rations


   Skills:
 + Level 3.1 Fighting
 + Level 4.2 Long Blades
 + Level 4.5 Armour
 + Level 1.1 Dodging
 + Level 0.4 Stealth
 + Level 5.0 Shields


You had 5 spell levels left.
You didn't know any spells.

Dungeon Overview and Level Annotations

Branches:
Dungeon (4/15)
 Temple: D:4-7

Altars:
Cheibriados
Makhleb
Ru
Trog
Yredelemnul


Innate Abilities, Weirdness & Mutations

You are resistant to damage.
You can heal yourself by infusing magical energy.
You passively map a small area around you.
You do not regenerate.
You have sharp toenails.


Message History

Beogh smites you! The orc closely misses you.
You closely miss the orc. Your kick misses the orc.
The orc is moderately wounded.
The orc closely misses you.
You hit the orc.
You kill the orc!
The orc priest calls down the wrath of Beogh upon you.
Beogh smites you!
* * * LOW HITPOINT WARNING * * *
The orc priest hits you but does no damage.
You see here a flail.
You barely miss the orc priest. You claw the orc priest.
The orc priest is lightly wounded.
You block the orc priest's attack.
You hit the orc priest but do no damage.
You claw the orc priest.
The orc priest is lightly wounded.
The orc priest mumbles some strange prayers to Beogh against you.
Beogh smites you!
You die...

,/.#.......$... *
######...##......#
....?[.#.##......#
,
#........##......#
....(#..##......#
, , #....##......#
*#..<(.(..# * *
#....###)# *
#....# #@# , ,,
###+## #o# * , ,


oo. * * , ,...## * , , ....#*, , ...... * * #####.. , * #+# * , , *, You could
see an orc priest, an orc wizard (invisible) and an orc.

Vanquished Creatures
  A crimson imp (D:2)
  4 orc priests
  An orc wizard (D:3)
  A worker ant (D:3)
  3 adders (D:2)
  An ooze (D:2)
  A worm (D:2)
  4 dart slugs
  3 leopard geckos
  15 orcs
  2 giant cockroaches
  6 goblins
  7 hobgoblins
  10 kobolds
  A ball python (D:1)
  9 bats
  5 frilled lizards
  6 rats
80 creatures vanquished.

Notes
Turn   | Place    | Note
-------+----------+-------------------------------------------
     0 | D:1      | Peloso the Deep Dwarf Fighter began the quest for the Orb.
     0 | D:1      | Reached XP level 1. HP: 20/20 MP: 1/1
   226 | D:1      | Reached XP level 2. HP: 27/27 MP: 2/2
   701 | D:2      | Reached skill level 4 in Shields
   701 | D:2      | Reached XP level 3. HP: 28/33 MP: 0/3
   818 | D:2      | Gained mutation: You have sharp toenails. [mutagenic glow]
   874 | D:2      | Reached XP level 4. HP: 38/40 MP: 4/4
  1140 | D:2      | Found a basalt altar of Yredelemnul.
  1142 | D:2      | Found a snail-covered altar of Cheibriados.
  1142 | D:2      | Found a bloodstained altar of Trog.
  1145 | D:2      | Found a sacrificial altar of Ru.
  1226 | D:2      | Became a worshipper of Ru the Awakened
  1265 | D:2      | Found a burning altar of Makhleb.
  1398 | D:2      | Reached XP level 5. HP: 25/48 MP: 5/5
  1547 | D:3      | HP: 2/49 [orc priest/divine providence (13)]
  1550 | D:3      | Reached skill level 1 in Dodging
  1552 | D:3      | HP: 1/49 [orc/dagger (1)]
  1652 | D:3      | Reached XP level 6. HP: 29/56 MP: 6/6
  1686 | D:3      | Reached skill level 5 in Shields
  2329 | D:4      | Killed from afar by an orc priest

Skill      XL: |  1  2  3  4  5  6 |
---------------+-------------------+-----
Shields        | 4 5 |  5.0
Long Blades    | 3 4 |  4.2
Armour         | 4 |  4.5
Fighting       | 3 |  3.1
Dodging        | 1 |  1.1
Stealth        | |  0.4

Action                   |  1- 3 |  4- 6 || total
-------------------------+-------+-------++-------
Melee: Long sword        |   106 |   114 ||   220
       Kick              |     1 |    33 ||    34
 Abil: Heal Wounds       |     1 |     2 ||     3
  Use: Scroll            |       |     3 ||     3
  Eat: Chunk             |       |    12 ||    12
Armor: Scale mail        |    60 |    34 ||    94
Dodge: Dodged            |    48 |    23 ||    71
Block: Shield            |    61 |    54 ||   115
       Rpst.: Long sword |    14 |     7 ||    21
